 Dungeon Crawl Stone Soup version 0.24.0-13-gcf9b3192b9 (webtiles) character file.

Game seed: 8961962694978679316, levelgen mode: deterministic

26213 Monsterracer the Cleaver (level 13, -6/106 HPs)
             Began as a Barachi Chaos Knight on Nov 5, 2019.
             Was a Plaything of Xom.
             Mangled by a death yak (8 damage)
             ... while paralysed
             ... on level 3 of the Lair of Beasts.
             The game lasted 00:17:43 (16093 turns).

Monsterracer the Cleaver (Barachi Chaos Knight)    Turns: 16093, Time: 00:17:43

Health: -6/106     AC: 27    Str: 18    XL:     13   Next: 24%
Magic:  16/17      EV:  2    Int: 18    God:    Xom [*.....]
Gold:   765        SH:  0    Dex: 23    Spells: 6/12 levels left

rFire    + + .     SeeInvis .   a - +4 broad axe (chop)
rCold    . . .     Gourm    .   H - +0 shield
rNeg     . . .     Faith    .   u - +0 plate armour
rPois    .         Spirit   .   E - +1 helmet "Quozitt" {Int+5}
rElec    +         Reflect  .   I - +2 cloak
rCorr    .         Harm     .   w - +2 pair of gloves
MR       +++..     Clarity  +   v - +2 pair of boots
Stlth    ..........             S - amulet of the Air {Inacc +Fly rElec EV+5 RMsl}
HPRegen  0.27/turn              K - +5 ring of dexterity
MPRegen  0.15/turn              J - ring of protection from magic

@: paralysed, berserk cooldown, contaminated, slowed, glowing, repel missiles,
slow
A: +LOS, swims, hooves 1, large bone plates 1, thin skeletal structure 2, agile
1, clarity, fire resistance 2, magic resistance 2, sense surroundings 1,
slowness 1, evolution 1, strong legs 2
a: Hop, Renounce Religion, Evoke Flight


You were on level 3 of the Lair of Beasts.
You worshipped Xom.
You were a special plaything of Xom.
You were hungry.

You visited 2 branches of the dungeon, and saw 14 of its levels.
You also visited: Ossuary, Bailey and Gauntlet.

You collected 1018 gold pieces.
You spent 253 gold pieces at shops.

Inventory:

Hand Weapons
 a - a +4 broad axe of chopping (weapon)
   (You took it off an orc on level 11 of the Dungeon)
 b - a +1 hand axe of flaming
   (You took it off a big kobold on level 8 of the Dungeon)
 W - a +2 lajatang of speed
   (You found it in a Gauntlet)
Armour
 u - a +0 plate armour (worn)
   (You took it off an orc warrior on level 6 of the Dungeon)
 v - a +2 pair of boots (worn)
   (You found it on level 3 of the Dungeon)
 w - a +2 pair of gloves (worn)
   (You found it on level 3 of the Dungeon)
 E - the +1 helmet "Quozitt" (worn) {Int+5}
   (You took it off Robin on level 2 of the Dungeon)

   It affects your intelligence (+5).
 H - a +0 shield (worn)
   (You found it on level 1 of the Dungeon)
 I - a +2 cloak (worn)
   (You took it off Crazy Yiuf on level 4 of the Dungeon)
 O - the +1 robe of Ymoutrorr {rC+}
   (Xom gifted it to you in a Gauntlet)

   It protects you from cold.
 R - a scarf of repulsion
   (You found it in a Gauntlet)
Jewellery
 C - an uncursed ring of protection from cold
   (You found it on level 3 of the Dungeon)
 D - an uncursed amulet of the gourmand
   (You found it on level 3 of the Dungeon)
 J - a ring of protection from magic (right hand)
   (You found it on level 1 of the Lair of Beasts)
 K - a +5 ring of dexterity (left hand)
   (You found it on level 1 of the Lair of Beasts)
 M - an uncursed ring of protection from magic
   (You found it on level 10 of the Dungeon)
 P - a +3 ring of intelligence
   (You found it in a Gauntlet)
 S - the amulet of the Air (around neck) {Inacc +Fly rElec EV+5 RMsl}
   (You found it in a Gauntlet)

   [amulet of inaccuracy]

   It reduces the accuracy of all your attacks.
   It affects your evasion (+5).
   It insulates you from electricity.
   It lets you fly.
   It protects you from missiles.
 V - the ring "Giur" {Str+3 Slay+3, unknown}
   (You found it in a Gauntlet)

   [ring of strength]

   It affects your strength (+3).
   It affects your accuracy and damage with ranged weapons and melee attacks
   (+3).
Wands
 x - a wand of acid (26)
   (You found it on level 6 of the Dungeon)
 G - a wand of paralysis (18)
   (You took it off a crimson imp on level 10 of the Dungeon)
 L - a wand of digging (5)
   (You found it on level 11 of the Dungeon)
 N - a wand of disintegration (13)
   (You found it on level 3 of the Lair of Beasts)
 Q - a wand of polymorph (30)
   (You took it off Grum on level 8 of the Dungeon)
 T - a wand of iceblast (8)
   (You found it in a Gauntlet)
Scrolls
 f - 3 scrolls of identify
 i - 3 scrolls of holy word
 l - a scroll of enchant armour
 m - 3 scrolls of magic mapping
 n - 5 scrolls of fog {!r}
 o - 5 scrolls of amnesia
 r - 4 scrolls of remove curse
 s - a scroll of summoning {!r}
 t - 11 scrolls of teleportation {!r}
 X - a scroll of blinking
Potions
 d - 6 potions of heal wounds
 e - 2 potions of curing
 g - 2 potions of magic
 h - 3 potions of lignification
 j - 2 potions of might
 k - 5 potions of flight
 q - 2 potions of invisibility
 y - 4 potions of mutation {!q}
 z - a potion of brilliance
 A - 2 potions of haste
 B - a potion of berserk rage {!q}
 F - a potion of ambrosia {unknown}
Miscellaneous
 p - a fan of gales
   (You found it on level 11 of the Dungeon)
 U - a phial of floods
   (You found it in a Gauntlet)
Comestibles
 c - 30 rations


   Skills:
 + Level 11.6 Fighting
 * Level 14.0(14.5) Axes
   Level 6.1(11.1) Maces & Flails
 + Level 10.8 Armour
 + Level 4.2 Dodging
 + Level 10.0 Shields
 + Level 5.4 Evocations


You had 6 spell levels left.
You knew the following spells:

 Your Spells              Type           Power        Failure   Level  Hunger
d - Spectral Weapon       Hex/Chrm       #.......     100%        3    ####...
j - Regeneration          Chrm/Necr      #.........   100%        3    ####...

Your spell library contained the following spells:

 Spells                   Type           Power        Failure   Level  Hunger
 Animate Skeleton         Necr           N/A          100%        1    ##.....
 Confusing Touch          Hex            #.....       100%        1    ##.....
 Flame Tongue             Conj/Fire      #....        100%        1    ##.....
 Infusion                 Chrm           #...         100%        1    ##.....
 Pain                     Necr           #...         100%        1    ##.....
 Passwall                 Tmut/Erth      #.......     100%        2    ###....
 Poisonous Vapours        Pois/Air       #.....       100%        2    ###....
 Shroud of Golubria       Chrm/Tloc      #.....       100%        2    ###....
 Song of Slaying          Chrm           #.......     100%        2    ###....
 Swiftness                Chrm/Air       #.......     100%        2    ###....
 Confuse                  Hex            #.......     100%        3    ####...
 Gell's Gravitas          Tloc           #.........   100%        3    ####...
 Ignite Poison            Fire/Tmut/Pois #.......     100%        3    ####...
 Spider Form              Tmut/Pois      #.........   100%        3    ####...
 Vampiric Draining        Necr           #.........   100%        3    ####...
 Animate Dead             Necr           N/A          100%        4    #####..
 Cause Fear               Hex            #.........   100%        4    #####..
 Passage of Golubria      Tloc           N/A          100%        4    #####..
 Petrify                  Tmut/Erth      #.......     100%        4    #####..
 Sticky Flame             Conj/Fire      #.......     100%        4    #####..
 Lee's Rapid Deconstruct  Erth           #.........   100%        5    ######.
 Metabolic Englaciation   Hex/Ice        #.........   100%        5    ######.
 Silence                  Hex/Air        #.........   100%        5    ######.
 Yara's Violent Unravell  Hex/Tmut       #.........   100%        5    ######.
 Darkness                 Hex            #.........   100%        6    #######
 Deflect Missiles         Chrm/Air       #.........   100%        6    #######
 Invisibility             Hex            #.......     100%        6    #######
 Ring of Flames           Chrm/Fire      #.........   100%        7    #######
 Discord                  Hex            #.........   100%        8    #######


Dungeon Overview and Level Annotations

Branches:
Dungeon (11/15)            Temple (0/1) D:5            Lair (3/6) D:10
  Snake (0/4) Lair:3      Ossuary (visited)          Bailey (visited)
Gauntlet (visited)
  Swamp: Lair:2-4    Shoals: Lair:2-4       Orc: D:9-12

Altars:
Ashenzari
Elyvilon
Fedhas
Makhleb
Okawaru
Qazlal
Trog
Xom
The Shining One

Shops:
D:5 (   D:6 [   D:10 ?


Innate Abilities, Weirdness & Mutations

Shadows flee at your approach. (+LOS)
You can swim through water.
You cover ground slowly.
You can hop long distances.
You have large cloven feet.
You are partially covered in large bone plates. (SH +4)
You have a moderately thin skeletal structure. (Dex +4, Stealth+)
You are agile. (Dex +2)
You possess an exceptional clarity of mind.
Your flesh is very heat resistant. (rF++)
You are highly resistant to hostile enchantments. (MR++)
You passively map a small area around you.
You evolve.


Message History

A water moccasin comes into view.
You feel sick.
You feel sick. The water moccasin closely misses you.
You closely miss the water moccasin.
The water moccasin bites you but does no damage. x2
You slash the water moccasin!
The water moccasin is heavily wounded.
The water moccasin bites you but does no damage.
You slice the water moccasin!!
You kill the water moccasin!
You feel sick.
Xom smirks.
You detect items!
The blink frog blinks!
You feel sick.
You hit the death yak.
The death yak is severely wounded.
The death yak gores you!
* * * LOW HITPOINT WARNING * * *
The blink frog blinks!
You hit the death yak but do no damage.
The death yak is severely wounded.
You block the death yak's attack.
You hit the death yak but do no damage.
The death yak is severely wounded.
You block the death yak's attack.
You slash the death yak!
The death yak is almost dead.
You feel sick.
You are no longer poisoned.
The death yak gores you!
* * * LOW HITPOINT WARNING * * *
You feel much better. You block the death yak's attack.
Really quaff
B - 2 potions of berserk rage {!q}?
A red film seems to cover your vision as you go berserk!
You feel yourself moving faster!
You feel mighty! The death yak completely misses you.
You block the death yak's attack.
You closely miss the death yak.
The death yak is almost dead.
You slice the death yak!! The death yak gores you!
* * * LOW HITPOINT WARNING * * *
You slice the death yak!!
You kill the death yak!
Your Axes skill increases to level 14!
Your Shields skill increases to level 10!
You slash the death yak!
Xom's power touches on a nearby monster.
The blink frog flickers and vanishes!
Deactivating autopickup; reactivate with Ctrl-A.
The death yak gores you!
* * * LOW HITPOINT WARNING * * *
Something hits you but does no damage.
You slash the death yak!
You kill the death yak!
You miss something. You completely miss something.
The death yak gores you but does no damage.
You completely miss the death yak. You block the death yak's attack.
You completely miss the death yak. You barely miss the death yak.
You block the death yak's attack.
You slice the death yak!!
The death yak is moderately wounded.
You miss something. Something hits you but does no damage.
The death yak closely misses you.
You slice something!! You slash the death yak! You block something's attack.
You cut something into ribbons!!!
Reactivating autopickup.
You feel a bit more experienced.
Your shield and plate armour prevent you from hitting the death yak.
You block the death yak's attack.
You hit the death yak but do no damage.
The death yak is heavily wounded.
You completely miss the death yak.
The death yak is heavily wounded.
The death yak gores you!
* * * LOW HITPOINT WARNING * * *
You slash the death yak!
The death yak is severely wounded.
You closely miss the death yak.
Xom's power touches on you for a moment.
You are contaminated with residual magic.
You slash the death yak!
The death yak is heavily wounded.
You slash the death yak! You block the death yak's attack. x2
You closely miss the death yak.
The death yak is heavily wounded.
You hit the death yak. You block the death yak's attack.
The death yak gores you.
* * * LOW HITPOINT WARNING * * *
You closely miss the death yak.
The death yak is heavily wounded.
You slash the death yak!
You kill the death yak!
You are no longer berserk.
You pass out from exhaustion.
You feel yourself slow down. The death yak gores you.
* * * LOW HITPOINT WARNING * * *
The death yak gores you!
You die...
Xom thinks this is hilarious!

##....#P..#######..####....P,
^...∩....# ##.## *.P... **
.........# #..### *###. ,
.........# #....# .........#
#...## ## .........#######..÷#
##.## ...
........§##..##.÷.#####...# ...
..............#.†.###....## #..#
#.##..#.#...###.@###P.....#....##
####.####....##.Y####...........#
#..# #..........##.....#*.....#
#... ##.........##.....##.....#
#.... #.......(..##....#.......
##. #...#.#.....'÷....#,∆, *
#...####..##......# ** , #.....
######.....# #.....# * *
,#........


You could see a death yak.

Vanquished Creatures
  A minotaur (Gauntlet)
  A fire dragon (D:11)
  Fannar (D:10)
  A hydra (shapeshifter) (D:11)
  A hydra (D:8)
  A two-headed ogre (D:10)
  3 death yaks (Lair:3)
  A death scarab (Gauntlet)
  Nergalle (D:10)
  A flayed ghost (D:11)
  The ghost of coffeespoons the Vandal, a novice HaWz of Okawaru (D:5)
  4 elephants (D:10 Lair:2)
  A black mamba (Lair:3)
  A torpor snail (Lair:2)
  A centaur skeleton (D:11)
  2 gargoyles (D:11)
  Psyche (D:9)
  An apocalypse crab (Gauntlet)
  2 kobold demonologists (D:9)
  An efreet (Gauntlet)
  A spiny frog (Lair:3)
  2 trolls (D:9 D:10)
  2 hornets (D:9 D:11)
  A blink frog (shapeshifter) (D:1)
  A hippogriff (D:9)
  Grinder (D:6)
  2 dream sheep (D:8)
  9 blink frogs (D:6 Lair:1 Lair:3)
  Sigmund (D:6)
  4 wyverns (D:8 D:10 Lair:2 Lair:3)
  3 yaks (D:8 D:10)
  3 basilisks (D:10 Lair:1)
  A chaos spawn (Gauntlet)
  2 hungry ghosts (D:9 D:11)
  3 fire elementals (Gauntlet)
  A neqoxec (Gauntlet)
  A spectral spiny frog (Gauntlet)
  9 water moccasins (D:7 Lair:1 Lair:2 Lair:3)
  Edmund (D:4)
  5 sky beasts (D:5 D:6 D:7)
  4 orc warriors (D:6 D:7 D:9 D:10)
  6 porcupines (Lair:1 Lair:2)
  4 ice beasts (D:6 D:7 D:8)
  A phantom (D:11)
  2 black bears (D:6 D:11)
  A necrophage (D:9)
  2 wolves (D:8)
  3 ogres (D:5 D:10)
  6 centaurs (D:7 D:8 D:9 D:10 Lair:2)
  5 crocodiles (Lair:1 Lair:3)
  An elf zombie (Ossuary)
  4 big kobolds (D:8 D:9 D:11)
  6 bullfrogs (D:4 D:8 D:11 Lair:1 Lair:2)
  3 scorpions (D:7 D:11)
  A troll zombie (Ossuary)
  2 wights (D:9)
  5 howler monkeys (D:7 D:9 D:11)
  5 crimson imps (D:10 D:11)
  2 centaur zombies (Ossuary)
  2 jellies (D:3 D:9)
  2 bullfrog skeletons (D:6 D:8)
  5 hounds (D:4 D:5 D:6 D:8 D:10)
  3 orc priests (D:3 D:7)
  2 orc wizards (D:7 D:11)
  Crazy Yiuf (D:4)
  2 iguanas (D:5 D:7)
  2 worker ants (D:10 D:11)
  2 ogre zombies (Ossuary)
  A hound zombie (D:11)
  A hound skeleton (D:11)
  7 mummies (Ossuary)
  Robin (D:2)
  4 gnolls (D:8)
  19 adders (D:2 D:3 D:4 D:5 Lair:3)
  3 shadow imps (D:9)
  2 oozes (D:1 D:2)
  8 adder zombies (D:6 Ossuary)
  An adder skeleton (D:3)
  A dart slug (D:3)
  6 leopard geckos (D:1 D:2 D:3 D:5 D:9)
  46 orcs (D:3 D:4 D:6 D:7 D:9)
  12 bats (D:1 D:2 D:3)
  2 giant cockroaches (D:1 D:2)
  20 goblins (D:1 D:2 D:3 D:8)
  16 hobgoblins (D:1 D:2 D:3)
  6 jackals (D:2 D:7)
  5 quokkas (D:2 D:5 D:6 D:7)
  3 ball pythons (D:2 D:4)
  4 frilled lizards (D:1 D:3)
  A gnoll zombie (Ossuary)
  3 goblin zombies (Ossuary)
  A hobgoblin zombie (Ossuary)
  9 kobolds (D:1 D:2 D:3 D:9)
  3 kobold zombies (Ossuary)
  A leopard gecko skeleton (D:6)
  A quokka skeleton (D:5)
  6 quokka zombies (Ossuary)
  14 rats (D:1 D:2 D:3)
  3 rat zombies (Ossuary)
  A plant (Lair:3)
  2 withered plants (Gauntlet)
377 creatures vanquished.

Vanquished Creatures (collateral kills)
  2 elephants (Lair:2)
  Grum (D:8)
  2 wolves (D:8)
  An ogre (D:9)
  A bullfrog (D:9)
  A scorpion (D:9)
  3 wights (D:9)
  2 crimson imps (D:8 D:9)
  An orc priest (D:3)
  4 orcs (D:3 D:6)
  A rat (D:3)
19 creatures vanquished.

Vanquished Creatures (others)
  An orc wizard (D:7)
  A bush (Lair:3)
  A demonic plant (Gauntlet)
  2 fire vortices (D:6)
  2 fungi (Lair:3)
  24 plants (D:11 Lair:3)
31 creatures vanquished.

Grand Total: 427 creatures vanquished

Notes
Turn   | Place    | Note
-------+----------+-------------------------------------------
     0 | D:1      | Monsterracer the Barachi Chaos Knight began the quest for
                  | the Orb.
     0 | D:1      | Reached XP level 1. HP: 18/18 MP: 1/1
    92 | D:1      | Reached XP level 2. HP: 18/25 MP: 2/2
   211 | D:1      | XOM: harmless Summ miscast
   440 | D:1      | Reached XP level 3. HP: 20/30 MP: 3/3
   552 | D:1      | XOM: divination: detect items
   601 | D:1      | XOM: harmless Air miscast
   615 | D:1      | XOM: divination: detect creatures
   642 | D:1      | XOM: silly message
   698 | D:1      | XOM: 3-stop teleportation journey
   717 | D:1      | Noticed a shapeshifter
   717 | D:1      | a giant cockroach changed into a shapeshifter
   717 | D:1      | Noticed a spriggan
   717 | D:1      | a shapeshifter changed into a spriggan
   719 | D:1      | Noticed a blink frog
   719 | D:1      | a spriggan changed into a blink frog
   721 | D:1      | Killed a blink frog
   721 | D:1      | Reached skill level 5 in Fighting
   721 | D:1      | Reached skill level 5 in Maces & Flails
   721 | D:1      | Reached XP level 4. HP: 28/39 MP: 4/4
   721 | D:1      | Reached XP level 5. HP: 32/44 MP: 5/5
   843 | D:1      | Reached XP level 6. HP: 44/51 MP: 6/6
   916 | D:1      | XOM: scenery: 1 doors close
   992 | D:1      | XOM: give mutations
   992 | D:1      | Gained mutation: Your flesh is heat resistant. (rF+) [Xom's
                  | grace]
   992 | D:1      | Gained mutation: You are agile. (Dex +2) [Xom's grace]
   992 | D:1      | Gained mutation: You possess an exceptional clarity of
                  | mind. [Xom's grace]
  1208 | D:2      | Identified the +1 helmet "Quozitt" {Int+5}
  1208 | D:2      | Noticed Robin
  1327 | D:2      | Killed Robin
  1542 | D:2      | Found a blossoming altar of Fedhas.
  1542 | D:2      | XOM: 3-stop teleportation journey
  1562 | D:2      | XOM: 2-stop teleportation journey
  1568 | D:2      | XOM: fog
  1884 | D:2      | XOM: summons 3 hostile shadow creatures
  1979 | D:1      | XOM: god gift: 22 gold pieces
  2147 | D:2      | XOM: god gift: 34 gold pieces
  2224 | D:3      | XOM: god gift: runed falchion {god gift}
  2442 | D:3      | XOM: scenery: create altars
  2447 | D:3      | XOM: give mutations
  2447 | D:3      | Gained mutation: You are resistant to hostile enchantments.
                  | (MR+) [Xom's grace]
  2447 | D:3      | Gained mutation: You can translocate small distances at
                  | will. [Xom's grace]
  2463 | D:3      | Reached skill level 1 in Axes
  2554 | D:3      | Reached skill level 2 in Axes
  2689 | D:3      | XOM: summons 3 hostile demons
  2690 | D:3      | Noticed an ice devil
  2693 | D:3      | HP: 10/51 [ice devil[Xom] (21)]
  3040 | D:3      | XOM: scenery: create altars
  3082 | D:3      | Reached XP level 7. HP: 55/56 MP: 7/7
  3359 | D:3      | Reached skill level 3 in Axes
  3576 | D:3      | XOM: god gift: lumpy pink potion {god gift}
  3675 | D:4      | Noticed Edmund
  3699 | D:4      | Killed Edmund
  3699 | D:4      | Reached skill level 4 in Axes
  3792 | D:4      | Found a shimmering altar of Xom.
  3793 | D:4      | Found a shimmering altar of Xom.
  3795 | D:4      | Found a shimmering altar of Xom.
  3795 | D:4      | Found a shimmering altar of Xom.
  3796 | D:4      | Found a shimmering altar of Xom.
  3880 | D:4      | Found a shimmering altar of Xom.
  3881 | D:4      | Found a shimmering altar of Xom.
  3894 | D:4      | XOM: god gift: sapphire potion {god gift}
  3947 | D:4      | Found a glowing golden altar of the Shining One.
  3958 | D:4      | Found a white marble altar of Elyvilon.
  3960 | D:4      | Found a shattered altar of Ashenzari.
  3966 | D:4      | XOM: god gift: long sword {god gift}
  3973 | D:4      | Reached skill level 5 in Axes
  4146 | D:4      | Found a runed translucent door.
  4147 | D:4      | Noticed Crazy Yiuf
  4178 | D:4      | Found a burning altar of Makhleb.
  4194 | D:4      | XOM: harmless Fire miscast
  4205 | D:4      | XOM: harmless Ice miscast
  4229 | D:4      | XOM: mild Pois miscast
  4328 | D:4      | Killed Crazy Yiuf
  4370 | D:5      | Entered Level 5 of the Dungeon
  4394 | D:5      | Found a staircase to the Ecumenical Temple.
  4432 | D:5      | Reached XP level 8. HP: 63/63 MP: 8/8
  4435 | D:5      | Reached skill level 6 in Axes
  4550 | D:5      | XOM is BORED!
  4550 | D:5      | XOM: noise
  4677 | D:5      | XOM: summons friendly crimson imp
  4859 | D:5      | XOM: harmless Hex miscast
  4890 | D:5      | Found Tifuhi's Weapon Emporium.
  4962 | D:5      | XOM: harmless Erth miscast
  5145 | D:5      | Found a runed translucent gate.
  5145 | D:5      | Found a runed translucent gate.
  5146 | D:5      | Found a runed translucent gate.
  5146 | D:5      | Noticed coffeespoons's ghost (novice HaWz)
  5347 | D:5      | XOM: harmless Summ miscast
  5357 | D:5      | XOM: divination: detect items
  5360 | D:5      | XOM: divination: detect creatures
  5376 | D:5      | Killed coffeespoons's ghost
  5376 | D:5      | Reached skill level 7 in Axes
  5400 | D:6      | Noticed Sigmund
  5402 | D:6      | XOM: harmless Conj miscast
  5423 | D:6      | Killed Sigmund
  5423 | D:6      | Reached XP level 9. HP: 43/71 MP: 9/9
  5425 | D:6      | HP: 35/71 [poisoned by Sigmund]
  5430 | D:6      | HP: 25/71 [poisoned by Sigmund]
  5435 | D:6      | HP: 19/71 [poisoned by Sigmund]
  5440 | D:6      | HP: 15/71 [poisoned by Sigmund]
  5445 | D:6      | HP: 12/71 [poisoned by Sigmund]
  5447 | D:6      | XOM: mild Chrm miscast
  5451 | D:6      | HP: 10/71 [poisoned by Sigmund]
  5457 | D:6      | HP: 9/71 [poisoned by Sigmund]
  5465 | D:6      | HP: 9/71 [poisoned by Sigmund]
  5471 | D:6      | XOM: summons 1 hostile demon
  5516 | D:5      | XOM is BORED!
  5516 | D:5      | XOM: medium Summ miscast
  5628 | D:5      | XOM: mild Necr miscast
  5804 | D:6      | XOM: summons friendly shadow imp
  5805 | D:6      | XOM: swap monsters
  5815 | D:6      | Reached skill level 8 in Axes
  5819 | D:6      | Reached skill level 5 in Armour
  5888 | D:6      | Noticed Grinder
  5888 | D:6      | XOM: 1-stop teleportation journey
  5930 | D:6      | Reached skill level 5 in Shields
  5935 | D:6      | Found Wick's Armour Emporium.
  6044 | D:3      | XOM: torment (37/71 hp)
  6122 | D:6      | XOM: harmless Necr miscast
  6401 | D:6      | XOM: harmless Pois miscast
  6409 | D:6      | XOM: mild Fire miscast
  6410 | D:6      | XOM: mild Air miscast
  6417 | D:6      | Killed Grinder
  6492 | D:6      | Noticed Prince Ribbit
  6497 | D:6      | Noticed Prince Ribbit
  6497 | D:6      | Prince Ribbit changed into Prince Ribbit the blink frog
  6497 | D:6      | XOM: polymorph Prince Ribbit -> Prince Ribbit the blink
                  | frog
  6536 | D:6      | Killed Prince Ribbit the blink frog
  6669 | D:6      | XOM: give mutation
  6669 | D:6      | Gained mutation: You are weak. (Str -2) [Xom's mischief]
  6951 | D:6      | Found Wick's Armour Emporium.
  6985 | D:7      | XOM: mild Conj miscast
  6997 | D:7      | XOM: give mutation
  6997 | D:7      | Gained mutation: You have a somewhat thin skeletal
                  | structure. (Dex +2, Stealth) [Xom's mischief]
  7000 | D:7      | Reached skill level 9 in Axes
  7240 | D:7      | XOM: enchant monster (bad)
  7288 | D:7      | Reached XP level 10. HP: 79/79 MP: 10/10
  7568 | D:7      | Learned a level 3 spell: Regeneration
  7586 | D:7      | XOM: summons 5 hostile demons
  7587 | D:7      | Noticed a sun demon
  7685 | D:6      | XOM: noise
  7692 | D:8      | Noticed Grum
  7698 | D:8      | Killed Grum
  7715 | D:8      | Found a shattered altar of Ashenzari.
  7755 | D:8      | Found a stormy altar of Qazlal.
  7755 | D:8      | Found a glowing golden altar of the Shining One.
  7831 | D:8      | Reached skill level 10 in Axes
  7846 | D:8      | XOM: harmless Ice miscast
  7851 | D:8      | XOM: chaos cloud
  7852 | D:8      | XOM: 9-stop teleportation journey
  7893 | D:8      | Found a flagged portal.
  7916 | Bailey   | Entered a bailey
  7916 | Bailey   | Noticed an orc knight
  7916 | Bailey   | Noticed an orc knight
  7917 | Bailey   | Noticed an orc knight
  8233 | D:8      | Found a sand-covered staircase.
  8241 | Ossuary  | Entered an ossuary
  8387 | Ossuary  | XOM: give mutations
  8387 | Ossuary  | Lost mutation: You can translocate small distances at will.
                  | [Xom's mischief]
  8387 | Ossuary  | Gained mutation: You are dopey. (Int -2) [Xom's mischief]
  8458 | Ossuary  | XOM: stat loss: -1 Str (14/15)
  8771 | D:8      | Noticed a three-headed hydra
  8778 | D:8      | Killed a one-headed hydra
  8787 | D:8      | XOM: polymorph big kobold -> wyvern
  8790 | D:8      | Reached skill level 11 in Axes
  8863 | D:8      | Identified Sif Muna's Volume of the Venomous Blaze
  9371 | D:9      | XOM: god gift: 12 stones
  9372 | D:9      | XOM: scenery: create altars
  9487 | D:9      | Learned a level 3 spell: Spectral Weapon
  9508 | D:9      | XOM is BORED!
  9508 | D:9      | XOM: summons 1 hostile shadow creature
  9524 | D:9      | Reached XP level 11. HP: 86/88 MP: 11/11
  9538 | D:9      | XOM: scenery: 1 doors open, 1 doors close
  9557 | D:9      | XOM: scenery: 1 doors close
  9558 | D:9      | XOM: scenery: 1 doors close
  9795 | D:9      | Noticed Psyche
  9800 | D:9      | XOM: divination: detect items
  9805 | D:9      | Killed Psyche
  9960 | D:9      | Paralysed by a hornet for 2 turns
 10064 | D:9      | XOM: cloud trail
 10108 | D:9      | Found an iron altar of Okawaru.
 10108 | D:9      | Found a bloodstained altar of Trog.
 10284 | D:10     | Entered Level 10 of the Dungeon
 10289 | D:10     | Found a staircase to the Lair.
 10290 | D:10     | XOM: confuse monster(s)
 10299 | D:10     | XOM: divination: detect items
 10303 | D:10     | XOM: harmless Summ miscast
 10314 | D:10     | XOM: confuse monster(s)
 10316 | D:10     | XOM: summons 3 friendly demons
 10599 | D:10     | Noticed Fannar
 10629 | D:10     | XOM: potion effect (heal wounds)
 10645 | D:10     | Killed Fannar
 10645 | D:10     | Reached skill level 10 in Fighting
 10645 | D:10     | Reached skill level 12 in Axes
 10824 | D:10     | Noticed a two-headed ogre
 10839 | D:10     | XOM: noise
 10841 | D:10     | Killed a two-headed ogre
 10938 | D:10     | XOM: summons 1 hostile shadow creature
 10956 | D:10     | Reached skill level 1 in Evocations
 10983 | D:10     | XOM: draining
 11048 | D:10     | Found Zikheps's Magic Scroll Boutique.
 11052 | D:10     | Bought a scroll of teleportation for 39 gold pieces
 11052 | D:10     | Bought a scroll of summoning for 123 gold pieces
 11052 | D:10     | Bought a scroll of teleportation for 39 gold pieces
 11052 | D:10     | Bought a scroll of identify for 26 gold pieces
 11052 | D:10     | Bought a scroll of fog for 26 gold pieces
 11078 | D:10     | Noticed Nergalle
 11095 | D:10     | HP: 36/90 [Nergalle/bolt of negative energy (19)]
 11100 | D:10     | XOM: summons friendly white imp
 11101 | D:10     | Noticed a spectral orc warlord
 11102 | D:10     | XOM: fog
 11103 | D:10     | XOM: confuse monster(s)
 11106 | D:10     | Killed Nergalle
 11110 | D:10     | XOM: fake destruction
 11383 | D:10     | XOM: give mutations
 11383 | D:10     | Gained mutation: You passively map a small area around you.
                  | [Xom's grace]
 11383 | D:10     | Gained mutation: Your flesh is very heat resistant. (rF++)
                  | [Xom's grace]
 11383 | D:10     | Gained mutation: You evolve. [Xom's grace]
 11383 | D:10     | Gained mutation: You have large cloven feet. [Xom's grace]
 11694 | D:11     | Noticed a skeletal warrior
 11695 | D:11     | Noticed a skeletal warrior
 11695 | D:11     | Noticed a skeletal warrior
 11696 | D:11     | Noticed a skeletal warrior
 11697 | D:11     | XOM: enchant monster (good)
 11697 | D:11     | Noticed a skeletal warrior
 11705 | D:11     | XOM: 7-stop teleportation journey
 11712 | D:11     | Paralysed by a hornet for 1 turns
 11717 | D:11     | HP: 42/92 [gargoyle/cursed -3 flail (7)]
 11723 | D:11     | HP: 33/92 [gargoyle/stone arrow (8)]
 11735 | D:11     | HP: 30/92 [gargoyle/stone arrow (7)]
 11740 | D:11     | HP: 27/92 [gargoyle/cursed -3 flail (2)]
 11784 | D:11     | Noticed a fire dragon
 11863 | D:11     | XOM: cleaving
 11885 | D:11     | HP: 39/92 [fire dragon/blast of flame (15)]
 11889 | D:11     | XOM: confuse monster(s)
 11892 | D:11     | HP: 42/92 [fire dragon (8)]
 11893 | D:11     | Killed a fire dragon
 11893 | D:11     | Reached XP level 12. HP: 47/98 MP: 13/13
 11897 | D:11     | HP: 44/98 [phantom (4)]
 11901 | D:11     | XOM: enchant monster (bad)
 11904 | D:11     | HP: 43/98 [centaur warrior skeleton (3)]
 11911 | D:11     | HP: 39/98 [something (1)]
 11920 | D:11     | HP: 14/98 [something/stone arrow (21)]
 11921 | D:11     | HP: 5/98 [something (9)]
 11930 | D:11     | HP: 21/98 [something (3)]
 11940 | D:11     | HP: 34/99 [black bear (1)]
 12203 | D:11     | Noticed a six-headed hydra
 12209 | D:11     | HP: 49/99 [six-headed hydra (glowing shapeshifter) (8)]
 12214 | D:11     | Noticed a queen ant
 12214 | D:11     | a four-headed hydra changed into a queen ant
 12218 | D:11     | HP: 35/99 [queen ant (glowing shapeshifter) (1)]
 12223 | D:11     | HP: 22/99 [poisoned by a queen ant]
 12223 | D:11     | Noticed a four-headed hydra
 12223 | D:11     | a queen ant changed into a four-headed hydra
 12230 | D:11     | Killed a one-headed hydra
 12243 | D:11     | XOM: scenery: create altars
 12247 | D:11     | HP: 24/99 [flayed ghost (12)]
 12253 | D:11     | Reached skill level 13 in Axes
 12376 | D:11     | Got a brightly glowing war axe
 12377 | D:11     | Identified the +7 war axe "Beasayme" {elec, MR- Int+4
                  | Dex+3} (You found it on level 11 of the Dungeon)
 12632 | Lair:1   | Entered Level 1 of the Lair of Beasts
 12824 | Lair:1   | XOM: swap monsters
 12994 | Lair:1   | XOM: swap monsters
 13122 | Lair:1   | XOM: mild Erth miscast
 13137 | Lair:1   | XOM: harmless Ice miscast
 13435 | Lair:2   | Reached skill level 10 in Armour
 13436 | Lair:2   | XOM: cast spell 'Summon Hydra'
 13440 | Lair:2   | Found a burning altar of Makhleb.
 13534 | Lair:2   | HP: 43/100 [wyvern (9)]
 13539 | Lair:2   | HP: 28/100 [torpor snail (5)]
 13774 | Lair:2   | XOM: mild Conj miscast
 14032 | Lair:2   | XOM: noise
 14711 | Lair:2   | Lost mutation: You are dopey. (Int -2) [evolution]
 14910 | Lair:3   | Found a staircase to the Snake Pit.
 14923 | Lair:3   | XOM: blink monster(s)
 14938 | Lair:3   | HP: 50/100 [poisoned by a water moccasin]
 14943 | Lair:3   | HP: 46/100 [poisoned by a water moccasin]
 14949 | Lair:3   | HP: 44/100 [poisoned by a water moccasin]
 14954 | Lair:3   | HP: 43/100 [poisoned by a water moccasin]
 14961 | Lair:3   | HP: 43/100 [poisoned by a water moccasin]
 14966 | Lair:3   | HP: 37/100 [poisoned by a water moccasin]
 15065 | Lair:3   | Found a gate leading to a gauntlet.
 15074 | Lair:3   | Noticed a death yak
 15074 | Lair:3   | Noticed a death yak
 15075 | Lair:3   | XOM: summons 2 friendly demons
 15077 | Lair:3   | Noticed a death yak
 15077 | Lair:3   | Noticed a death yak
 15082 | Gauntlet | Entered a Gauntlet
 15082 | Gauntlet | Found a transporter.
 15177 | Gauntlet | XOM: give mutations
 15177 | Gauntlet | Gained mutation: You have a moderately thin skeletal
                  | structure. (Dex +4, Stealth+) [Xom's grace]
 15177 | Gauntlet | Gained mutation: You are partially covered in large bone
                  | plates. (SH +4) [Xom's grace]
 15177 | Gauntlet | Gained mutation: Your mind is acute. (Int +2) [Xom's grace]
 15208 | Gauntlet | Found a transporter.
 15211 | Gauntlet | Found a transporter.
 15219 | Gauntlet | Noticed a death scarab
 15220 | Gauntlet | Found a transporter.
 15222 | Gauntlet | Found a transporter.
 15229 | Gauntlet | Found a transporter.
 15229 | Gauntlet | Noticed a green death
 15251 | Gauntlet | Found a transporter.
 15254 | Gauntlet | Found the amulet of the Air {Inacc +Fly rElec EV+5 RMsl}
 15261 | Gauntlet | Found a transporter.
 15270 | Gauntlet | Noticed a hell beast
 15271 | Gauntlet | Found a transporter.
 15293 | Gauntlet | Found a transporter.
 15306 | Gauntlet | Found a transporter.
 15306 | Gauntlet | Found a transporter.
 15357 | Gauntlet | Found a transporter.
 15360 | Gauntlet | Noticed a hell hog
 15374 | Gauntlet | Found a transporter.
 15431 | Gauntlet | XOM: god gift: heavy robe {god gift}
 15432 | Gauntlet | Got a heavy robe {god gift}
 15444 | Gauntlet | Identified the +1 robe of Ymoutrorr {rC+} (Xom gifted it to
                  | you in a Gauntlet)
 15477 | Gauntlet | XOM: cast spell 'Leda's Liquefaction'
 15480 | Gauntlet | Lost mutation: Your mind is acute. (Int +2) [a neqoxec]
 15517 | Gauntlet | XOM: potion effect (brilliance)
 15523 | Gauntlet | XOM: smoke on damage
 15532 | Gauntlet | HP: 46/100 [death scarab (8)]
 15536 | Gauntlet | HP: 14/100 [death scarab (19)]
 15537 | Gauntlet | XOM: summons friendly crimson imp
 15539 | Gauntlet | Killed a death scarab
 15807 | Gauntlet | XOM: give mutations
 15807 | Gauntlet | Gained mutation: You are highly resistant to hostile
                  | enchantments. (MR++) [Xom's grace]
 15807 | Gauntlet | Lost mutation: You are weak. (Str -2) [Xom's grace]
 15815 | Gauntlet | XOM: confuse monster(s)
 15816 | Gauntlet | XOM: polymorph hell hound -> apocalypse crab
 15820 | Gauntlet | Gained mutation: You can hop long distances. [Barachi
                  | growth]
 15820 | Gauntlet | Reached XP level 13. HP: 92/106 MP: 16/16
 15845 | Gauntlet | Reached skill level 5 in Evocations
 15863 | Gauntlet | XOM: silly message
 16021 | Gauntlet | Noticed a minotaur
 16037 | Gauntlet | Killed a minotaur
 16043 | Gauntlet | Got a coiled tin ring
 16046 | Lair:3   | HP: 52/106 [blink frog (3)]
 16051 | Lair:3   | HP: 45/106 [poisoned by a minotaur]
 16056 | Lair:3   | HP: 27/106 [poisoned by a minotaur]
 16064 | Lair:3   | HP: 26/106 [poisoned by a minotaur]
 16065 | Lair:3   | XOM: divination: detect items
 16069 | Lair:3   | HP: 19/106 [death yak (8)]
 16072 | Lair:3   | HP: 4/106 [death yak (15)]
 16076 | Lair:3   | Reached skill level 14 in Axes
 16076 | Lair:3   | Reached skill level 10 in Shields
 16076 | Lair:3   | XOM: enchant monster (bad)
 16087 | Lair:3   | HP: 9/159 [death yak (8)]
 16088 | Lair:3   | XOM: medium Tmut miscast
 16092 | Lair:3   | HP: 2/106 [death yak (2)]
 16093 | Lair:3   | Mangled by a death yak

Levels and vault maps discovered:
D:1:      psy_arrival_conway, layout_basic
D:2:      layout_rooms, fedhas_ov_isle_minmay, minmay_tromino_i4, uniq_robin
D:3:      minmay_inner_zag, layout_basic, minmay_box_of_dots
D:4:      layout_rooms, lightli_temple_of_fire,
          chequers_temple_overflow_statue_of_worship, xom_redecorated,
          first_ration, tso_metal_star, uniq_crazy_yiuf_cottage, uniq_edmund
D:5:      layout_basic, minmay_temple_entry_drinking_statues, serial_shops,
          shop, ebering_ghost_rock_garden
D:6:      layout_cave_pools, serial_shops, shop, uniq_grinder,
          uniq_prince_ribbit1, uniq_sigmund
D:7:      layout_basic, kennysheep_decorative_pillar
D:8:      layout_loops_cross, gammafunk_temple_overflow_elements,
          nicolae_ossuary_entry_plus, enter_bailey_3, hangedman_ranch
          [blue_anna_fruit_fields], evilmike_ruin_ashenzari, uniq_grum
D:9:      layout_stronghold, grunt_temple_overflow_bloody_war,
          hangedman_decor_slide_cut, uniq_psyche
D:10:     layout_loops_ring, david_lair_generic, serial_shops, kennysheep_mini,
          uniq_fannar, uniq_nergalle
D:11:     minmay_the_grid_3x3 [minmay_the_grid_outer_circle,
          minmay_the_grid_large_cup, minmay_the_grid_all_tris,
          minmay_the_grid_armoury, minmay_the_grid_box_x,
          minmay_the_grid_square_x, minmay_the_grid_tiny_cups,
          minmay_the_grid_dragon_b, minmay_the_grid_prize_diamond_cup],
          layout_irregular_city, orc_david_3, enter_trove_6,
          nicolae_looking_at_the_future
Lair:1:   layout_loops_ring, chequers_serial_rivers_small_b,
          chequers_serial_rivers_marsh, infiniplex_staircase_pool_2
Lair:2:   layout_regular_city, basic_altar, grunt_forest_large_clearing_hut
Lair:3:   layout_regular_city, minmay_snake_entry_six_corridors,
          gauntlet_entry_generic, grunt_forest_small_clearing_treed,
          grunt_megastairs_5, serial_bayou_shore_b, infiniplex_staircase_pool

Skill      XL: |  1  2  3  4  5  6  7  8  9 10 11 12 13 |
---------------+----------------------------------------+-----
Fighting       | 4 5 6 7 9 10 11 | 11.6
Maces & Flails | 4 5 6 |  6.1
Shields        | 2 3 4 6 7 8 9 10 | 10.0
Axes           | 2 5 7 9 11 12 13 14 | 14.0
Armour         | 4 6 7 9 10 | 10.8
Evocations     | 2 4 5 |  5.4
Dodging        | 3 4 |  4.2

Action                   |  1- 3 |  4- 6 |  7- 9 | 10-12 | 13-15 || total
-------------------------+-------+-------+-------+-------+-------++-------
Melee: Mace              |    73 |   151 |       |       |       ||   224
       War axe           |       |    54 |   381 |   757 |       ||  1192
       Hand axe          |       |       |       |    17 |       ||    17
       Broad axe         |       |       |       |   198 |    60 ||   258
 Abil: Hop               |       |     1 |       |       |       ||     1
Evoke: Wand              |       |       |       |     1 |       ||     1
  Use: Scroll            |       |     7 |    11 |    14 |       ||    32
       Potion            |       |       |       |     3 |     2 ||     5
 Stab: Distracted        |       |       |     2 |       |       ||     2
       Confused          |       |       |       |     6 |     4 ||    10
       Invisible         |       |       |       |     1 |       ||     1
  Eat: Chunk             |       |     8 |    15 |    29 |       ||    52
       Ration            |       |       |     1 |     4 |       ||     5
Armor: Leather armour    |    48 |     8 |       |       |       ||    56
       Chain mail        |       |   146 |   165 |       |       ||   311
       Plate armour      |       |       |   107 |   572 |    27 ||   706
Dodge: Dodged            |    58 |    51 |    69 |   142 |    19 ||   339
Block: Shield            |    39 |   109 |   180 |   474 |    40 ||   842
